[Event "Early-Titled-Tuesday-Blitz-April-23-2024"]
[Site "Chess.com"]
[Date "2024.04.23"]
[Round "6"]
[White "Alenzer"]
[Black "pfalcon1949"]
[Result "1-0"]
[WhiteElo "2219"]
[BlackElo "1956"]
[TimeControl "180+1"]
[EndTime "9:09:15 PDT"]
[Termination "Alenzer won by checkmate"]

1. e4 e6 2. d4 d5 3. exd5 exd5 4. c4 Nf6 5. Nc3 Bb4 6. Nf3 O-O 7. Bd3 dxc4 8.
Bxc4 Nc6 9. O-O Qd6 10. a3 Bxc3 11. bxc3 Re8 12. Be3 Bg4 13. h3 Bh5 14. Rb1 Rad8 15. Be2 b6 16. Re1 Qxa3 17. Bb5 Qd6 18. g4 Bg6 19. Qa4 Bxb1 20. Bxc6 Bg6 21. Bxe8 Nxe8 22.
Ne5 Nf6 23. Bf4 Qd5 24. Qxa7 c5 25. Qxb6 cxd4 26. cxd4 Qxd4 27. Qxd4 Rxd4 28. Nxg6 hxg6 29. Be5 Rd3 30. Bxf6 gxf6 31. Kg2 Kg7 32. f3 Rd2+ 33. Kg3 g5 34. h4 gxh4+ 35. Kxh4 Rf2 36. Kg3 Ra2 37. Rb1 Kg6 38. Rb5 Ra3 39. Rf5 Re3 40.
Kf4 Re1 41. Rh5 Rg1 42. Rh8 Ra1 43. Ra8 Ra4+ 44. Kg3 Kg5 45. Rxa4 f5 46. gxf5 f6 47. Rg4+ Kxf5 48. Rf4+ Kg5 49. Ra4 Kg6 50. Kg4 Kf7 51. Kf5 Ke7 52. Ra7+ Kf8 53. Kxf6 Ke8 54. f4 Kd8 55.
Ke6 Kc8 56. Rh7 Kb8 57. Kd6 Kc8 58. f5 Kb8 59. Kc6 Kc8 60. Rh8# 1-0

[Event "Early-Titled-Tuesday-Blitz-April-23-2024"]
[Site "Chess.com"]
[Date "2024.04.23"]
[Round "6"]
[White "wadsy27"]
[Black "Kobalia"]
[Result "1-0"]
[WhiteElo "2644"]
[BlackElo "2801"]
[TimeControl "180+1"]
[EndTime "9:09:17 PDT"]
[Termination "wadsy27 won on time"]

1. c4 f5 2. g3 Nf6 3. Bg2 g6 4. Nf3 Bg7 5. O-O O-O 6. d4 d6 7. Nc3 Nc6 8. d5 Ne5 9. Nxe5 dxe5 10. Qb3 h6 11. Bd2 a6 12. Rfd1 Qe8 13. Rac1 g5 14.
Nb1 Qh5 15. Bc3 f4 16. Bxe5 Ng4 17. Bxg7 Qxh2+ 18. Kf1 Ne3+ 19. fxe3 Kxg7 20. exf4 gxf4 21. g4 Bxg4 22. Nd2 Bxe2+ 23. Kxe2 f3+ 24. Kd3 fxg2 25. Qc3+ Kh7 26. Kc2 Rf4 27. Rg1 Rg8 28. Rce1 Qh4 29. Qd3+ Kh8 30. Re2 Rf2 31. Qe3 Rxe2 32. Qxe2 Qg5 33.
Nf3 Qf5+ 34. Qd3 Qh3 35. Qd4+ Rg7 36. Qe4 Qg3 37. Kd2 Qf2+ 38. Qe2 Qg3 39. Ne1 Qf4+ 40.
Kc2 Qf5+ 41. Kc1 Qf4+ 42. Kb1 Qf5+ 43. Ka1 Qf4 44. a3 Qc1+ 45. Ka2 b5 46. Rxg2 Rxg2 47.
Nxg2 bxc4 48. Qxe7 Qc2 49. Qe8+ Kg7 50. Qd7+ Kf6 51.
Qe6+ Kg5 52. Ne3 Qb3+ 53. Kb1 c3 54. Qe5+ Kg6 55. Qxc3 1-0

[Event "Early-Titled-Tuesday-Blitz-April-23-2024"]
[Site "Chess.com"]
[Date "2024.04.23"]
[Round "6"]
[White "Rsnr"]
[Black "djano"]
[Result "1-0"]
[WhiteElo "2885"]
[BlackElo "2614"]
[TimeControl "180+1"]
[EndTime "9:09:17 PDT"]
[Termination "Rsnr won on time"]

1. d4 d5 2. c4 e6 3. Nf3 c5 4. cxd5 exd5 5. Nc3 Nc6 6. dxc5 d4 7. Na4 Bxc5 8. Nxc5 Qa5+ 9. Qd2 Qxc5 10. a3 Nf6 11. b4 Qd5 12. Bb2 Ne4 13. Qd3 O-O 14. Nxd4 Ne5 15.
Qb5 Qd6 16. e3 Bd7 17. Qe2 Rfe8 18. f3 Nf6 19. Qd2 Nd5 20. Be2 Qh6 21. e4 Ne3 22. g3 Ng2+ 23. Kd1 Ne3+ 24. Ke1 Ng2+ 25. Kd1 Ba4+ 26. Nc2 Red8 27. Bd4 Qxd2+ 28. Kxd2 Bxc2 29. Kc3 Rac8+ 30. Bc5 b6 31. Kxc2 bxc5 32. b5 Ne3+ 33. Kc3 c4 34. a4 Nd3 35. a5 Kf8 36. Rhb1 Ne5 37. b6 axb6 38. axb6 Rb8 39. f4 Nc6 40. b7 Nd4 41. Bxc4 Nxc4 42. Kxc4 Ne6 43. f5 Ng5 44. e5 Ne4 45. Rb5 Nd2+ 46. Kc3 Ne4+ 47.
Kc4 Nd2+ 48. Kb4 Rd4+ 49. Kc3 Rbd8 50. Ra8 Rd3+ 51. Kc2 Ne4 52. b8=Q Rd2+ 53. Kb3 Rd3+ 54. Kb4 Rd4+ 55. Ka5 1-0

[Event "Early-Titled-Tuesday-Blitz-April-23-2024"]
[Site "Chess.com"]
[Date "2024.04.23"]
[Round "6"]
[White "Zarinur"]
[Black "Roosters19"]
[Result "1-0"]
[WhiteElo "2512"]
[BlackElo "2335"]
[TimeControl "180+1"]
[EndTime "9:09:17 PDT"]
[Termination "Zarinur won on time"]

1. e4 c5 2. Nf3 Nc6 3. Bb5 g6 4. O-O Bg7 5. Nc3 Nf6 6. e5 Ng4 7. Bxc6 dxc6 8. Re1 O-O 9. d3 f6 10. Bf4 fxe5 11. Bg3 c4 12. h3 Nh6 13. dxc4 Qxd1 14. Raxd1 Bxh3 15. Bxe5 Bxe5 16. Nxe5 Bf5 17. Nd7 Rf7 18. Nc5 b6 19. N5e4 Raf8 20. f3 Bxe4 21. Nxe4 Nf5 22. Rd7 e6 23. Rxf7 Rxf7 24. Ng5 Rd7 25.
Rxe6 Rd2 26. Rxc6 Rxc2 27. Rc8+ Kg7 28. Rc7+ Kg8 29. Nxh7 Rxb2 30. Nf6+ Kf8 31. Rxa7 Ne3 32. g4 Nxc4 33. a4 Ne3 34. Rb7 Rg2+ 35. Kh1 Ra2 36. Rxb6 Rxa4 37. Nd7+ Kg7 38. Nc5 Ra1+ 39. Kh2 Nf1+ 40.
Kg2 Ne3+ 41. Kg3 Nf1+ 42. Kh4 Ne3 43. Kg5 Ra5 44. Rxg6+ Kf7 45. Rc6 Nd5 46. f4 Ne7 47. Rc7 Ke8 48. f5 Kd8 49. Ne6+ Ke8 50. Rc8+ Kd7 51.
Rd8+ Kc6 52. Kf6 Nd5+ 53. Kg7 Ne3 54. f6 Nxg4 55. f7 1-0

[Event "Early-Titled-Tuesday-Blitz-April-23-2024"]
[Site "Chess.com"]
[Date "2024.04.23"]
[Round "6"]
[White "JonasEilenberg"]
[Black "theoneandonlydaaevik"]
[Result "0-1"]
[WhiteElo "2749"]
[BlackElo "2592"]
[TimeControl "180+1"]
[EndTime "9:09:19 PDT"]
[Termination "theoneandonlydaaevik won by resignation"]

1. d4 Nf6 2. c4 g6 3. Nc3 d5 4. cxd5 Nxd5 5. e4 Nxc3 6. bxc3 Bg7 7. Bc4 c5 8. Ne2 Nc6 9. Be3 O-O 10. O-O b6 11.
Rc1 Bb7 12. Bb5 Rc8 13. Qd2 e6 14. Rfd1 cxd4 15. cxd4 Na5 16. Rxc8 Qxc8 17. Bg5 Ba6 18. Rc1 Qb7 19. Bxa6 Qxa6 20. d5 Nc4 21. Qd3 b5 22.
Be7 Rb8 23. d6 Bf8 24. Rd1 Nb2 25. Qd4 Nxd1 26. Qxd1 Qc6 27. Qd4 Bxe7 28. dxe7 Qe8 29. Qxa7 Ra8 30. Qc7 Rxa2 31. h4 Rd2 32. Nf4 Rd7 33.
Qe5 Qxe7 34. g3 b4 35. h5 g5 36. Ng2 f6 37. Qb8+ Rd8 38. Qb6 Qd6 39. Qb5 Rb8 40. Qa5 Qd1+ 41. Kh2 Qxh5+ 42. Kg1 Qd1+ 43. Kh2 Qd6 44.
Ne3 b3 45. Ng4 Qe7 46. Qc3 Kg7 47. e5 f5 48. Nf6 b2 49. Nh5+ Kf7 50. Qf3 b1=Q 51. Nf6 Qxf6 52. Qh5+ Qg6 0-1

[Event "Early-Titled-Tuesday-Blitz-April-23-2024"]
[Site "Chess.com"]
[Date "2024.04.23"]
[Round "6"]
[White "DominguezOnYoutube"]
[Black "jumpingknight20"]
[Result "1-0"]
[WhiteElo "2947"]
[BlackElo "2746"]
[TimeControl "180+1"]
[EndTime "9:09:21 PDT"]
[Termination "DominguezOnYoutube won by resignation"]

1. e4 c5 2. Nf3 d6 3. d4 cxd4 4.
Nxd4 Nf6 5. Nc3 a6 6. Be3 e5 7. Nb3 Be7 8. f3 Be6 9. Qd2 h5 10. Nd5 Nxd5 11. exd5 Bf5 12. Be2 Bh4+ 13. g3 Be7 14.
O-O-O Nd7 15. Kb1 Rc8 16. Rc1 Nb6 17. Na5 Qc7 18. Ka1 Bd8 19. c4 Na4 20. Nb3 Be7 21. h3 Bg6 22. Bd3 e4 23. Bxe4 Bxe4 24. fxe4 O-O 25. Bd4 f5 26. exf5 Rxf5 27. Qe2 Rcf8 28. g4 Rf3 29. gxh5 Bg5 30. Rcg1 Bh6 31. Qe6+ R8f7 32. Qe2 Qd7 33. h4 b6 34. Qe6 Qxe6 35.
dxe6 Re7 36. Rg6 Nc5 37. Nxc5 bxc5 38. Bc3 Re3 39. Rd1 R3xe6 40. Rxe6 Rxe6 41. a3 Kf7 42. Ka2 Ke7 43. Rg1 Kf7 44. Rg4 Re2 45. Kb3 Rf2 46.
Ka4 Rf5 47. Ka5 Rxh5 48. Kxa6 Ke6 49. a4 Kd7 50. Kb7 Rf5 51. a5 Rf7 52. a6 Ke6+ 53. Kb6 Kf5 54. Rg1 Bf4 55. a7 Rf8 56. Rxg7 d5 57.
cxd5 c4 58. Kb7 Bh6 59. Rd7 Ke4 60. a8=Q 1-0

[Event "Early-Titled-Tuesday-Blitz-April-23-2024"]
[Site "Chess.com"]
[Date "2024.04.23"]
[Round "6"]
[White "Storne89"]
[Black "BashirliSaadat"]
[Result "1-0"]
[WhiteElo "2750"]
[BlackElo "2396"]
[TimeControl "180+1"]
[EndTime "9:09:21 PDT"]
[Termination "Storne89 won by checkmate"]

1. d4 d5 2. Nf3 e6 3. Be3 Nf6 4. g3 Bd6 5. Bg2 O-O 6. O-O Nbd7 7. Nbd2 c5 8. c4 Qe7 9. Rc1 b6 10. Bg5 Bb7 11. cxd5 exd5 12. e3 h6 13. Bf4 Bxf4 14.
gxf4 Ne4 15. Nxe4 dxe4 16. Ne5 Nxe5 17. dxe5 Rfd8 18. Qg4 Qe6 19. Qg3 Qxa2 20. f5 Qxb2 21. f6 g6 22. Qf4 Kh7 23. Rb1 Qc3 24. Rfc1 Qd3 25. Bh3 Bc8 26. Rd1 Qxd1+ 27. Rxd1 Rxd1+ 28. Kg2 Bxh3+ 29. Kxh3 Re8 30. Qxe4 Rd7 31. f4 Rc7 32. f5 c4 33. e6 c3 34. fxg6+ fxg6 35. f7 Rf8 36. e7 Rxe7 37. Qxe7 Kg7 38. Qe5+ Kxf7 39. Qxc3 Re8 40. Kg3 Re7 41. Kf4 Rd7 42. e4 Re7 43. h4 h5 44. Qc4+ Kg7 45. e5 Re8 46. Qc7+ Kg8 47.
Ke4 b5 48. Qxa7 b4 49. Qb7 b3 50. Qxb3+ Kg7 51. Qb7+ Kh6 52. Qf7 Rb8 53. e6 Rb4+ 54. Ke3 Rxh4 55. e7 Rh3+ 56. Kf2 Rh4 57. e8=Q Re4 58. Qxe4 g5 59. Qeg6# 1-0

[Event "Early-Titled-Tuesday-Blitz-April-23-2024"]
[Site "Chess.com"]
[Date "2024.04.23"]
[Round "6"]
[White "Crazy_girl99"]
[Black "amylazy"]
[Result "0-1"]
[WhiteElo "2604"]
[BlackElo "2462"]
[TimeControl "180+1"]
[EndTime "9:09:21 PDT"]
[Termination "amylazy won by checkmate"]

1. e4 c5 2. Nf3 e6 3. d4 cxd4 4. Nxd4 a6 5. c4 Nf6 6. Nc3 Qc7 7. a3 b6 8. Be3 Bb7 9. f3 d6 10. Rc1 Nbd7 11. Be2 Be7 12. O-O O-O 13. b4 Rac8 14.
Kh1 Ne5 15. Na4 Nfd7 16. Nb3 Qb8 17. Qe1 h5 18. Qf2 Bd8 19. Nxb6 Nxb6 20. Bxb6 h4 21. Bxd8 Rfxd8 22. Qxh4 Bc6 23. Nd4 Ba4 24. f4 Nc6 25.
Nf3 f6 26. Qg4 Re8 27. Nh4 Qc7 28. Bd3 Nd4 29. Ng6 Qf7 30. Qh5 Qb7 31. c5 dxc5 32.
bxc5 Bb5 33. Bxb5 axb5 34. f5 Qxe4 35. Rce1 Qd5 36. Nf4 Qxf5 37. Qh4 Qxc5 38. Qg4 Qf5 39. Qd1 Nc2 40. Re2 Red8 41. Rd2 Rxd2 42. Qxd2 Qe4 43. h3 Qd4 44. Qe2 e5 45. Qg4 Qc4 46. Nh5 Qxf1+ 47. Kh2 Rc7 48. Qe6+ Kh7 49. Ng3 Qf4 50. Qd6 Rc4 51.
Qd7 Ne3 52. Qe8 Nf1+ 53. Kg1 Nxg3 54. h4 Rc1+ 55. Kh2 Nf5+ 56. g3 Qxg3# 0-1

[Event "Early-Titled-Tuesday-Blitz-April-23-2024"]
[Site "Chess.com"]
[Date "2024.04.23"]
[Round "6"]
[White "stratacticos"]
[Black "kai_nov"]
[Result "1-0"]
[WhiteElo "1866"]
[BlackElo "2267"]
[TimeControl "180+1"]
[EndTime "9:09:21 PDT"]
[Termination "stratacticos won by checkmate"]

1. b4 e5 2. Bb2 Bxb4 3. Bxe5 Nf6 4. a3 Be7 5. Nf3 Nc6 6. Bb2 d5 7. e3 Bg4 8. h3 Bxf3 9. Qxf3 O-O 10. g4 Ne4 11. d3 Nd6 12. Qxd5 Bh4 13. Bg2 Re8 14. O-O Bf6 15. Bxf6 Qxf6 16. Nd2 Re5 17. Qf3 Qe7 18. d4 Rb5 19. c4 Rb2 20. Ne4 Nxe4 21. Qxe4 Qh4 22. Rab1 Rxb1 23. Rxb1 Na5 24. Rb5 Nxc4 25.
Rh5 Qd8 26. Qxh7+ Kf8 27. Qh8+ Ke7 28. Qxg7 Qd6 29. Qg5+ Qf6 30. Qxf6+ Kxf6 31. Bxb7 Rb8 32. Bd5 Nxa3 33. Rf5+ Kg6 34. Bxf7+ Kg7 35. h4 Rb1+ 36. Kg2 Nc2 37. Rf4 a5 38. g5 a4 39. h5 Rb3 40. h6+ Kh7 41. Bxb3 axb3 42. Rf7+ Kg6 43. Rxc7 Kxg5 44. h7 b2 45. Rb7 Nxe3+ 46. fxe3 Kf5 47.
h8=Q Ke4 48. Qh4+ Kd3 49. Qf4 Kc4 50. Rxb2 Kd3 51. Kf2 Kc4 52. Qc7+ Kd3 53. Qc2# 1-0

[Event "Early-Titled-Tuesday-Blitz-April-23-2024"]
[Site "Chess.com"]
[Date "2024.04.23"]
[Round "6"]
[White "h4parah5"]
[Black "Elegance_Riks"]
[Result "1/2-1/2"]
[WhiteElo "3022"]
[BlackElo "2787"]
[TimeControl "180+1"]
[EndTime "9:09:25 PDT"]
[Termination "Game drawn - insufficient material"]

1. Nf3 Nf6 2. c4 g6 3. Nc3 Bg7 4. e4 O-O 5. d4 d6 6. Be2 c5 7.
O-O cxd4 8. Nxd4 Nc6 9. Be3 Bd7 10. h3 Nxd4 11. Bxd4 Bc6 12. Qd3 a5 13. Rad1 a4 14. Qe3 Nd7 15. Bxg7 Kxg7 16. Bg4 Nf6 17. e5 Nxg4 18.
hxg4 Re8 19. exd6 exd6 20. Qd4+ Kg8 21. Qxd6 Qg5 22. Qg3 Rad8 23. b3 axb3 24. axb3 Qc5 25. Rxd8 Rxd8 26. Rd1 Rxd1+ 27. Nxd1 Qd4 28. Ne3 Qc3 29. Nd5 Qxg3 30. fxg3 Kf8 31. Kf2 h6 32. Ke3 Bd7 33. Nf6 Bc6 34. Nd5 Kg7 35. Kf4 Kf8 36.
Ke5 Bd7 37. Ne3 Ke7 38. b4 Bc6 39. b5 Bd7 40. Nd5+ Kd8 41. Kf6 Bxg4 42. Kxf7 Be2 43. Ne3 g5 44. Kg6 h5 45. Kxg5 Kc7 46. Kf4 Kd6 47.
Kg5 Kc5 48. g4 hxg4 49. g3 Kd4 50. Kf4 Bf3 51. b6 Be2 52. Nxg4 Kxc4 53. Nf6 Kb5 54. Nd5 Kc6 55. Ke5 Bf3 56. Ne3 Kxb6 57. Kd4 Be2 58. g4 Bxg4 59. Nxg4 Ka5 60. Ne5 b5 61. Kc5 b4 62. Nc6+ Ka4 63. Nxb4 1/2-1/2

[Event "Early-Titled-Tuesday-Blitz-April-23-2024"]
[Site "Chess.com"]
[Date "2024.04.23"]
[Round "6"]
[White "Balla_Tamas"]
[Black "Aleksandar-Topalov"]
[Result "0-1"]
[WhiteElo "2534"]
[BlackElo "2393"]
[TimeControl "180+1"]
[EndTime "9:09:26 PDT"]
[Termination "Aleksandar-Topalov won by checkmate"]

1. Nf3 Nf6 2. b3 g6 3. Bb2 Bg7 4. e3 O-O 5. c4 c5 6. Nc3 Nc6 7. d4 cxd4 8. exd4 d5 9. Be2 Bg4 10. c5 b6 11. O-O bxc5 12. dxc5 Ne4 13. Qc2 Nxc5 14. h3 Bxf3 15. Bxf3 Nd4 16. Qd1 Nxf3+ 17. Qxf3 Ne4 18. Rad1 Nxc3 19. Bxc3 Bxc3 20. Qxc3 e6 21. Rfe1 Rc8 22. Qe5 Qa5 23. Re2 Qc3 24. Qg5 Kg7 25. Rde1 Qf6 26. Qe3 a5 27. Qd3 Qc3 28. Qa6 Rc6 29.
Qb7 Rfc8 30. Re3 Qb4 31. Qa7 R6c7 32. Qa6 Rc6 33. Qd3 Rc1 34. Kf1 a4 35. bxa4 Qxa4 36.
Qd2 R1c2 37. Qd3 Qxa2 38. Rf3 Qc4 39. Qxc4 R8xc4 40. Kg1 g5 41. Kh2 h6 42. Rb1 Kg6 43.
Rb8 Rf4 44. Rxf4 gxf4 45. Kg1 e5 46. Kf1 Kf5 47. Rd8 d4 48. Rd6 f6 49. f3 Kg5 50. Rd8 Rb2 51. Rg8+ Kf5 52. Rd8 Ke6 53. h4 f5 54. h5 Rd2 55. Ra8 e4 56. Ra6+ Ke5 57.
Rxh6 d3 58. Rh8 e3 59. Kg1 Rd1+ 60. Kh2 e2 61. Re8+ Kd4 62. h6 e1=Q 63. Rd8+ Kc3 64. Rc8+ Kd2 65. h7 Qh4# 0-1

[Event "Early-Titled-Tuesday-Blitz-April-23-2024"]
[Site "Chess.com"]
[Date "2024.04.23"]
[Round "6"]
[White "kiwibobo"]
[Black "FuenfgegenWilly"]
[Result "0-1"]
[WhiteElo "2313"]
[BlackElo "2489"]
[TimeControl "180+1"]
[EndTime "9:09:26 PDT"]
[Termination "FuenfgegenWilly won by resignation"]

1. e4 e5 2. Nf3 Nc6 3. Bb5 Nge7 4. O-O a6 5. Ba4 g6 6. c3 Bg7 7. d4 b5 8. Bc2 exd4 9. cxd4 d5 10. exd5 Nxd5 11.
Bg5 Qd6 12. Nbd2 Ncb4 13. Ne4 Qb6 14. Bb3 Be6 15. Nc5 O-O 16. a3 Nc6 17. Bxd5 Bxd5 18. Nd7 Qb7 19. Nxf8 Rxf8 20. Re1 Na5 21. Rc1 Nc4 22.
Qe2 Bxf3 23. Qxf3 Qxf3 24. gxf3 Bxd4 25. b3 Nxa3 26. Rxc7 a5 27. Be7 Re8 28. Rd1 Bb6 29. Rb7 b4 30. Bxb4 axb4 31. Rxb6 Nc2 32. Rc1 Re2 33.
Rxb4 Nxb4 34. Rc4 Nc2 35. Kf1 Re1+ 36. Kg2 Na1 37. b4 Kg7 38. b5 Rb1 39. Ra4 Nc2 40. Rc4 Ne1+ 41. Kg3 Rxb5 42. Rc3 Re5 43. f4 Re2 44. h3 Nc2 45. Rd3 Nb4 46. Rb3 Nc6 47. Rc3 Ne7 48. Rd3 Re6 49. Rc3 Nf5+ 50. Kf3 Rf6 51. Rc4 h5 52. Ra4 Re6 53. Rb4 Kf6 54.
Ra4 Kg7 55. Rb4 Re8 56. Ra4 Rh8 57. Rb4 Rh7 58. Ra4 Rh8 59. Rb4 Rg8 60. Ra4 Rb8 61.
Rc4 Rb3+ 62. Kg2 Nh4+ 63. Kh2 Nf5 64. Kg2 h4 65. Ra4 Ne7 66. Rc4 Ng8 67. Ra4 Nf6 68.
Rc4 Nh5 69. Ra4 f5 70. Ra7+ Kh6 71. Ra4 Rb2 72. Rc4 Re2 73. Ra4 Re4 74. Ra6 Nxf4+ 75. Kh2 Nh5 76. Kg2 Kg5 77. Rb6 Nf4+ 78. Kh2 Re2 79. Kg1 Re1+ 80. Kh2 Rf1 81. Rb2 Nd3 82. Rd2 Rxf2+ 0-1

[Event "Early-Titled-Tuesday-Blitz-April-23-2024"]
[Site "Chess.com"]
[Date "2024.04.23"]
[Round "6"]
[White "thesupera12"]
[Black "Navyblue1"]
[Result "1-0"]
[WhiteElo "2444"]
[BlackElo "2240"]
[TimeControl "180+1"]
[EndTime "9:09:27 PDT"]
[Termination "thesupera12 won by checkmate"]

1. e4 c5 2. Nf3 d6 3. d4 cxd4 4.
Qxd4 a6 5. b3 Nc6 6. Qd2 Nf6 7.
Bd3 g6 8. Bb2 Bg7 9. c4 O-O 10.
O-O Rb8 11. Nc3 Nd7 12. Rad1 Nc5 13. Bb1 Bg4 14. Qf4 Ne5 15. Nxe5 Bxd1 16. Nd3 Nxd3 17.
Bxd3 Bg4 18. Qxg4 b5 19. Rd1 Qa5 20. Rc1 Rfc8 21. Nd1 Bxb2 22. Nxb2 Qxa2 23. Nd1 Qxb3 24. Be2 bxc4 25. h4 c3 26. h5 c2 27. hxg6 cxd1=Q+ 28. Rxd1 hxg6 29. Bxa6 Rd8 30. Rd3 Qb1+ 31. Kh2 Qb6 32. Bc4 Kg7 33. Rf3 Rf8 34. g3 Qc5 35. Bd3 Qh5+ 36.
Qxh5 gxh5 37. Rf5 Rb3 38. Bc4 Rb4 39. Bd3 Rd4 40. Bc2 Kh6 41. Kg2 f6 42. Ra5 Rc8 43. Bb3 Rxe4 44. Bf7 Rc5 45. Ra8 Kg7 46. Be8 Rc7 47.
Ra2 Re5 48. Rd2 d5 49. Bb5 e6 50. Be2 Rg5 51. f4 Rg6 52. Bxh5 Rh6 53. Bg4 f5 54. Bf3 Kf6 55. Re2 Rg7 56. Rb2 Rhg6 57. g4 fxg4 58.
Be2 Rh6 59. Rb6 g3 60. f5 Kxf5 61. Bd3+ Ke5 62. Bf1 Rh2+ 63. Kf3 Rf2+ 64. Ke3 Rf6 65. Bg2 Rf2 66. Bh3 g2 67. Rxe6# 1-0

[Event "Early-Titled-Tuesday-Blitz-April-23-2024"]
[Site "Chess.com"]
[Date "2024.04.23"]
[Round "6"]
[White "LamaChampetre"]
[Black "Kushch_Nikolai"]
[Result "1-0"]
[WhiteElo "2255"]
[BlackElo "2391"]
[TimeControl "180+1"]
[EndTime "9:09:29 PDT"]
[Termination "LamaChampetre won on time"]

1. d4 Nf6 2. c4 e6 3. Nf3 b6 4. g3 Bb7 5. Bg2 Be7 6. O-O O-O 7. d5 exd5 8. Nh4 c6 9. cxd5 Nxd5 10. Nf5 d6 11. e4 Nf6 12. Nc3 Na6 13. Bf4 Ne8 14.
Qg4 Nac7 15. Rad1 Ne6 16. Nh6+ Kh8 17. Nxf7+ Rxf7 18. Qxe6 Rf6 19. Qg4 Qc7 20. Rfe1 Rg6 21. Qe2 Bf6 22. Qd3 Be5 23. Be3 Re6 24. f4 Bf6 25.
Bh3 Re7 26. Bf5 g6 27. Bh3 Rd8 28. Bd4 Bxd4+ 29. Qxd4+ Ng7 30. Bg2 Red7 31. f5 c5 32. Qf6 Rf7 33. Qg5 gxf5 34. exf5 Bxg2 35. f6 Bf3 36.
fxg7+ Rxg7 37. Qf6 Bxd1 38. Nd5 Qd7 39. Re7 Qxe7 40.
Nxe7 Bg4 41. Ng6+ hxg6 42. Qxd8+ Kh7 43. Qxd6 Bf5 44. Qf4 a6 45. Qh4+ Kg8 46. Qd8+ Kh7 47. Qxb6 Bd3 48. Qxc5 Rf7 49. Qd4 Bb5 50. Qh4+ Kg7 51.
Qd4+ Kh7 52. a4 Bc6 53. Qc4 Rf6 54. a5 Bf3 55. Qh4+ Kg7 56. Qd4 Kf7 57. h3 Bc6 58. g4 Re6 59. Qa7+ Kf6 60. Qxa6 1-0

[Event "Early-Titled-Tuesday-Blitz-April-23-2024"]
[Site "Chess.com"]
[Date "2024.04.23"]
[Round "6"]
[White "sathvikadiga"]
[Black "DonkyDonkyDonkey"]
[Result "0-1"]
[WhiteElo "2621"]
[BlackElo "2925"]
[TimeControl "180+1"]
[EndTime "9:09:30 PDT"]
[Termination "DonkyDonkyDonkey won by checkmate"]

1. e4 e5 2. Nf3 d5 3. Nxe5 Bd6 4. d4 dxe4 5. Nc3 Bxe5 6. dxe5 Qxd1+ 7. Nxd1 Nc6 8. Nc3 Bf5 9. Bf4 Nge7 10. O-O-O O-O 11.
Re1 Ng6 12. Bg3 Ncxe5 13. Nxe4 Rfe8 14. f3 a6 15. h4 h5 16. Be2 Rad8 17. Rd1 Rxd1+ 18.
Rxd1 Bxe4 19. fxe4 Ng4 20. Bf3 N6e5 21. Bxe5 Rxe5 22.
Rd7 Rc5 23. c3 g6 24. Kd2 Ne5 25. Rd8+ Kg7 26. b3 Rc6 27. Rb8 b6 28. c4 a5 29.
Ke3 Rd6 30. Re8 Kf6 31. Kf4 Re6 32. Rd8 Ke7 33. Rd5 f6 34. Rd4 Rd6 35. Rd5 c6 36. Rxd6 Kxd6 37. g4 hxg4 38. Bxg4 Nxg4 39. Kxg4 Ke5 40.
Kf3 Kd4 41. Kf4 b5 42. cxb5 cxb5 43. Kf3 a4 44. bxa4 bxa4 45. a3 Kc4 46. Kf4 Kb3 47.
e5 fxe5+ 48. Kxe5 Kxa3 49. Kf6 Kb3 50. Kxg6 a3 51. h5 a2 52. h6 a1=Q 53. h7 Qh8 54. Kh6 Kc4 55. Kg6 Kd5 56. Kh6 Ke6 57. Kg6 Ke7 58.
Kh6 Kf7 59. Kh5 Qxh7+ 60. Kg4 Qe4+ 61. Kg5 Qe5+ 62. Kg4 Kg6 63. Kf3 Qd4 64. Kg3 Qe4 65. Kf2 Qd3 66. Kg2 Qe3 67. Kh2 Qf3 68. Kg1 Qe2 69.
Kh1 Kf5 70. Kg1 Kg4 71. Kh1 Kg3 72. Kg1 Qe1# 0-1

[Event "Early-Titled-Tuesday-Blitz-April-23-2024"]
[Site "Chess.com"]
[Date "2024.04.23"]
[Round "6"]
[White "js20000"]
[Black "TigrVShlyape"]
[Result "0-1"]
[WhiteElo "2738"]
[BlackElo "3027"]
[TimeControl "180+1"]
[EndTime "9:09:31 PDT"]
[Termination "TigrVShlyape won by resignation"]

1. b3 d5 2. Bb2 Bf5 3. Nf3 e6 4. g3 Nf6 5. d3 h6 6. Bg2 a5 7. c4 c6 8. Nc3 Bh7 9. O-O Be7 10. a3 O-O 11. Re1 Na6 12. d4 Qb6 13. Ne5 Rfd8 14. e3 Nb8 15. c5 Qc7 16. b4 Nbd7 17.
Nxd7 Nxd7 18. b5 b6 19. bxc6 Nf6 20. Qa4 bxc5 21. dxc5 Rdb8 22. Bc1 Ra6 23. e4 dxe4 24. Nxe4 Nxe4 25. Bxe4 Bxe4 26. Bf4 e5 27. Qxe4 exf4 28. Qxe7 Rxc6 29. Qxc7 Rxc7 30. Rac1 fxg3 31. hxg3 Rb3 32.
Re3 Rxe3 33. fxe3 Kf8 34. Kf2 Ke7 35. Kf3 Kd7 36. Ke4 Kc6 37. Kd4 Rd7+ 38. Kc4 Rd5 39. Rf1 Rxc5+ 40. Kd4 f6 41. Rb1 Rg5 42. Rb8 Rg4+ 43.
e4 Rxg3 44. Ra8 Rxa3 45. Ra6+ Kb7 46. Re6 Ra4+ 47. Kc5 Rb4 48. Re7+ Ka6 49. Re6+ Ka7 50. Re7+ Rb7 51. Re8 a4 52. Rd8 Re7 53. Rd4 Re5+ 54.
Kb4 Kb6 55. Kxa4 Kc5 56. Rb4 h5 57. Rb7 Rxe4+ 58. Kb3 Rg4 59. Kc2 h4 60. Rb3 Rg2+ 61. Kd1 g5 62. Ke1 g4 63. Kf1 h3 0-1

[Event "Early-Titled-Tuesday-Blitz-April-23-2024"]
[Site "Chess.com"]
[Date "2024.04.23"]
[Round "6"]
[White "Shtembuliak"]
[Black "TenisMaster"]
[Result "1-0"]
[WhiteElo "2883"]
[BlackElo "2971"]
[TimeControl "180+1"]
[EndTime "9:09:32 PDT"]
[Termination "Shtembuliak won on time"]

1. c4 Nf6 2. Nc3 e5 3. Nf3 Nc6 4. e3 d5 5. cxd5 Nxd5 6. Bb5 Nxc3 7. bxc3 Bd6 8. d4 Bd7 9. O-O O-O 10. Bxc6 Bxc6 11.
dxe5 Bxf3 12. Qxf3 Bxe5 13. Ba3 Re8 14. Qxb7 Bxc3 15. Rac1 Ba5 16. Rfd1 Qf6 17. Bb2 Qg6 18. Bd4 h6 19. Bxa7 Bb6 20. Bxb6 cxb6 21. Rd2 Rad8 22. Rb2 Rd6 23. g3 Qf6 24. Rcb1 Ree6 25. Qa8+ Kh7 26.
Kg2 h5 27. Qf3 Qg6 28. Rb5 Kh6 29. Qf4+ Kh7 30. Qf3 Kh6 31. Rf5 Rf6 32. Rbb5 Rxf5 33. Rxf5 Rf6 34. Rxf6 gxf6 35. Qf4+ Kg7 36. e4 Qh7 37. h4 Qh8 38. e5 Qa8+ 39. Kh2 f5 40. Qg5+ Kf8 41. Qh6+ Kg8 42. Qg5+ Kf8 43. Qh6+ Kg8 44.
Qxh5 Qxa2 45. Qg5+ Kf8 46. Qd8+ Kg7 47. Qxb6 Qd5 48.
Qe3 Kf8 49. Qh6+ Ke8 50. Qh8+ Kd7 51. Qf6 Qf3 52. Qxf7+ Kc6 53. Qe6+ Kc5 54. Qd6+ Kc4 55. Qb6 Kd5 56. Qe3 Qg4 57. e6 Qg8 58. e7 Qe8 59. Qe2 Kd6 60. h5 Kd7 61. h6 f4 62.
gxf4 Kd6 63. Qe5+ Kd7 64. h7 1-0

[Event "Early-Titled-Tuesday-Blitz-April-23-2024"]
[Site "Chess.com"]
[Date "2024.04.23"]
[Round "6"]
[White "FoxOnTheRun97"]
[Black "Evgeny81"]
[Result "0-1"]
[WhiteElo "2583"]
[BlackElo "2785"]
[TimeControl "180+1"]
[EndTime "9:09:32 PDT"]
[Termination "Evgeny81 won by checkmate"]

1. d4 Nf6 2. Bg5 g6 3. Bxf6 exf6 4. e3 Bg7 5. g3 d5 6. Bg2 c6 7. Ne2 O-O 8. O-O f5 9. b3 Nd7 10. c4 Nf6 11. Nbc3 Be6 12. Nf4 Qd7 13. Qd3 Ne4 14. cxd5 cxd5 15. Rfc1 Rfc8 16. Nxe6 fxe6 17. Nxe4 fxe4 18. Qd2 Rc6 19. Rxc6 bxc6 20. Rc1 Rc8 21. Qa5 Qb7 22. Bf1 Rc7 23. Bb5 Bf8 24. Bf1 Bd6 25. h4 Kg7 26. Bh3 Kf6 27. Qd2 Rf7 28. Qe2 Ke7 29. Qg4 Rf5 30. h5 g5 31. h6 Qb4 32.
Qh5 Rxf2 33. Qxg5+ Kd7 34. Qg7+ Be7 35. Bxe6+ Kxe6 36. Rxc6+ Kd7 37. Kxf2 Kxc6 38. Qxh7 Qd2+ 39. Kf1 Qd1+ 40. Kg2 Qf3+ 41. Kh3 Qh5+ 42. Kg2 Bg5 43. Qxa7 Qf3+ 44. Kh3 Qh5+ 45. Kg2 Qxh6 46. Qa6+ Kc7 47. Qa7+ Kd8 48. Qa8+ Ke7 49. Qb7+ Kf8 50. Qxd5 Bxe3 51. Qxe4 Bc1 52. Kf3 Qh1+ 53. Kg4 Qxe4+ 54. Kh5 Qxd4 55. g4 Qg7 56. Kh4 Qh6+ 57. Kg3 Qg5 58. Kf3 Bf4 59. b4 Be5 60. a4 Qf4+ 61. Ke2 Qxb4 62. Kd3 Qxa4 63.
g5 Qg4 64. g6 Qd4+ 65. Ke2 Qc3 66. Kf2 Bf4 67. Kg2 Kg8 68. g7 Qg3+ 69. Kf1 Qh2 70. Ke1 Be3 71. Kf1 Qf2# 0-1

[Event "Early-Titled-Tuesday-Blitz-April-23-2024"]
[Site "Chess.com"]
[Date "2024.04.23"]
[Round "6"]
[White "PawnEatingZombie"]
[Black "dvglko"]
[Result "0-1"]
[WhiteElo "2224"]
[BlackElo "2435"]
[TimeControl "180+1"]
[EndTime "9:09:32 PDT"]
[Termination "dvglko won by resignation"]

1. e4 c6 2. Nf3 d5 3. d3 dxe4 4. dxe4 Qxd1+ 5. Kxd1 Nf6 6. Nfd2 b6 7. Bd3 Ba6 8. Ke2 g6 9. a4 Bxd3+ 10. cxd3 a5 11. Na3 Bg7 12. Nac4 Nfd7 13. Nb3 Na6 14. d4 O-O 15. f3 Nb4 16. Be3 Nc2 17. Rac1 Nxe3 18. Nxe3 c5 19. dxc5 Nxc5 20. Nxc5 bxc5 21. Rxc5 Bxb2 22. Rb1 Bd4 23. Rd5 Bc3 24. Rb7 e6 25.
Rdd7 Rad8 26. h4 h5 27. g4 hxg4 28. fxg4 Rxd7 29. Rxd7 Rb8 30. h5 gxh5 31. gxh5 Rb4 32. Kf3 Rxa4 33. Ng4 Bg7 34. h6 Ra3+ 35. Kf4 Bb2 36.
e5 Bc1+ 37. Ke4 Ra4+ 38. Kf3 Rf4+ 39. Kg3 Rxg4+ 40. Kxg4 Bxh6 41. Ra7 Bd2 42. Kh5 Kg7 43. Ra6 Bc3 44. Ra8 Bb4 45. Ra6 Bc3 46. Ra8 Bd2 47. Ra6 Be1 48. Ra8 Bc3 49. Ra6 Bxe5 50. Rxa5 Bc3 51.
Rb5 Kf6 52. Kg4 Bd4 53. Kf3 Kg6 54. Ke4 Bg7 55. Kf3 Bd4 56. Ra5 f5 57. Rb5 Kf6 58. Ra5 Kg5 59. Rb5 e5 60. Ra5 e4+ 61. Ke2 Kg4 62. Rb5 Bc3 63. Rc5 Bd4 64. Rd5 Bb6 65. Rb5 Bd4 66. Rd5 Bg1 67. Rd8 Bc5 68.
Rg8+ Kf4 69. Rf8 Bxf8 0-1